 Dungeon Crawl Stone Soup version 0.20-a0-390-g4892b34 (console) character file.

1735 nht the Archer (level 8, 0/61 HPs)
             Began as a Centaur Hunter on Dec 30, 2016.
             Was an Initiate of Okawaru.
             Slain by a bullfrog (4 damage)
             ... on level 7 of the Dungeon.
             The game lasted 00:08:00 (4702 turns).

nht the Archer (Centaur Hunter)                     Turns: 4702, Time: 00:08:01

Health: 0/61       AC:  8    Str: 16    XL:     8   Next: 76%
Magic:  8/8        EV:  2    Int:  5    God:    Okawaru [......]
Gold:   220        SH:  4    Dex: 11    Spells: 7/7 levels left

rFire  . . .     SeeInvis .     y - +1 longbow
rCold  . . .     Gourm    .     c - +0 plate armour of Jykofun {+Blink rElec Int-5} (curse)
rNeg   . . .     Faith    .     (shield currently unavailable)
rPois  .         Spirit   .     (no helmet)
rElec  +         Reflect  +     (no cloak)
rCorr  .         Harm     .     (no gloves)
MR     .....                    (no barding)
Stlth  ..........               n - +4 amulet of reflection
                                (no ring)
                                (no ring)

@: lethally poisoned (0 -> 0), very slightly contaminated, invisible, very quick
A: hooves 3, deformed body, speed 2, tough skin 3
a: Renounce Religion, Evoke Blink


You were on level 7 of the Dungeon.
You worshipped Okawaru.
Okawaru was noncommittal.
You were not hungry.

You visited 1 branch of the dungeon, and saw 7 of its levels.

You collected 314 gold pieces.
You spent 94 gold pieces at shops.

Inventory:

Hand Weapons
 a - a +1 shortbow
 b - a +0 short sword
 g - a +1 falchion of protection
 s - a cursed -2 mace
 v - a +0 dagger of flaming
 y - a +1 longbow (weapon)
Missiles
 d - 86 arrows (quivered)
Armour
 c - the cursed +0 plate armour of Jykofun (worn) {+Blink rElec Int-5}
   (You found it on level 5 of the Dungeon)

   It affects your intelligence (-5).
   It insulates you from electricity.
   It lets you blink.
   It has a curse placed upon it.
Jewellery
 n - a +4 amulet of reflection (around neck)
Scrolls
 i - 2 scrolls of recharging
 l - 2 scrolls of amnesia
 m - a scroll of remove curse
 o - a scroll of teleportation
Potions
 e - 2 potions of resistance
 h - 2 potions of haste
 j - a potion of curing
 x - a potion of brilliance
 z - a potion of invisibility
Books
 r - a book of Changes

   Spells                             Type                      Level
   a - Beastly Appendage              Transmutation                1
   b - Sticks to Snakes               Transmutation                2
   c - Spider Form                    Transmutation/Poison         3
   d - Ice Form                       Ice/Transmutation            4
   e - Blade Hands                    Transmutation                5
Comestibles
 f - 5 bread rations
 k - 12 chunks of flesh
 p - a meat ration
 q - a royal jelly
 w - 7 fruits


   Skills:
 - Level 2.0 Fighting
 + Level 14.7 Bows
 - Level 1.3 Dodging
 - Level 0.4 Stealth


You had 7 spell levels left.
You didn't know any spells.

Dungeon Overview and Level Annotations

Branches:
Dungeon (7/15)             Temple (0/1) D:7

Altars:
Ashenzari
Dithmenos
Fedhas
Gozag
Okawaru
Trog
The Shining One

Shops:
D:4 %(


Innate Abilities, Weirdness & Mutations

You have hooves in place of feet.
Armour fits poorly on your strangely shaped body.
You cover ground very quickly.
You have extremely tough skin. (AC +3)


Message History

You shoot an arrow. The arrow hits the bullfrog!
The bullfrog is moderately wounded.
The killer bee stings you but does no damage.
The bullfrog hits you. The killer bee stings you.
Firing (i - inventory):
d - 88 arrows (quivered)
Press: ? - help, Shift-Dir - straight line, f/p - bullfrog
Aim: a bullfrog (moderately wounded)
You shoot an arrow. The arrow barely misses the bullfrog.
You block the bullfrog's attack. The killer bee stings you!
* * * LOW HITPOINT WARNING * * *
The bullfrog barely misses you.
The killer bee stings you but does no damage.
Firing (i - inventory):
d - 87 arrows (quivered)
Press: ? - help, Shift-Dir - straight line, f/p - bullfrog
Aim: a bullfrog (moderately wounded)
You shoot an arrow. The arrow closely misses the bullfrog.
You feel sick. The killer bee stings you!
* * * LOW HITPOINT WARNING * * *
The bullfrog hits you.
You die... █..██....$.....█ █......((.[(y(.. ██..█>███████... ..██...██ . █ ██...███ ███...█ █..yy.█ █..██y██ . .. █..█ █@█ █.█ ██.. █..█ █F██

██... █... █...
█(.██...█ ..█ █..██
██.....█ ..█ █..
█.████>...██████.█████
..
█.......███...........
█ ████....█ █...<..█
█. ██.....███..)...█
...██[.█......).....█


You could see a bullfrog and 3 killer bees.

Vanquished Creatures
  Grinder (D:4)
  Sigmund (D:6)
  2 sky beasts
  A necrophage (D:5)
  3 centaurs
  2 bullfrogs (D:6)
  A killer bee (D:7)
  A crimson imp (D:6)
  A centaur skeleton (D:4)
  2 hounds
  4 orc priests
  A jelly (D:5)
  An orc wizard (D:6)
  2 iguanas
  Natasha (thrice) (D:2 D:3)
  A worker ant (D:6)
  A hound zombie (D:5)
  A hound skeleton (D:5)
  11 adders
  3 gnolls (D:5)
  A howler monkey skeleton (D:6)
  2 shadow imps (D:6)
  2 oozes
  4 worms
  2 dart slugs
  3 leopard geckos
  7 orcs
  2 giant cockroaches
  8 goblins
  5 hobgoblins
  3 jackals (D:4)
  4 kobolds
  6 quokkas
  5 bats
  A frilled lizard (D:1)
  A quokka skeleton (D:7)
  A quokka zombie (D:5)
  11 rats
111 creatures vanquished.

Notes
Turn   | Place    | Note
-------+----------+-------------------------------------------
     0 | D:1      | nht the Centaur Hunter began the quest for the Orb.
     0 | D:1      | Reached XP level 1. HP: 17/17 MP: 1/1
    82 | D:1      | Reached XP level 2. HP: 24/24 MP: 2/2
    87 | D:1      | Reached skill level 6 in Bows
   873 | D:2      | Found a bloodstained altar of Trog.
   914 | D:2      | Reached XP level 3. HP: 29/29 MP: 3/3
   998 | D:2      | Noticed Natasha
  1001 | D:2      | Killed Natasha
  1001 | D:2      | Reached skill level 7 in Bows
  1001 | D:2      | Reached XP level 4. HP: 23/36 MP: 4/4
  1388 | D:2      | Found a glowing golden altar of the Shining One.
  1464 | D:3      | Found a shattered altar of Ashenzari.
  1581 | D:3      | Noticed Natasha
  1583 | D:3      | Killed Natasha
  1583 | D:3      | Reached skill level 8 in Bows
  1651 | D:3      | Noticed Natasha
  1655 | D:3      | Killed Natasha
  1655 | D:3      | Reached XP level 5. HP: 41/41 MP: 5/5
  2022 | D:4      | Noticed Grinder
  2022 | D:4      | Paralysed by Grinder for 6 turns
  2030 | D:4      | Paralysed by Grinder for 2 turns
  2043 | D:4      | Killed Grinder
  2043 | D:4      | Reached skill level 10 in Bows
  2043 | D:4      | Reached XP level 6. HP: 20/48 MP: 6/6
  2162 | D:4      | Found Assekys's Antique Weapon Boutique.
  2174 | D:4      | Bought a longbow for 94 gold pieces
  2397 | D:4      | Found Uforoen's Food Boutique.
  2643 | D:5      | Entered Level 5 of the Dungeon
  2688 | D:5      | Reached skill level 11 in Bows
  2688 | D:5      | Reached XP level 7. HP: 55/55 MP: 7/7
  2919 | D:5      | Reached skill level 12 in Bows
  3167 | D:5      | Got a pitted plate armour
  3322 | D:5      | Identified the cursed +0 plate armour of Jykofun {+Blink rElec Int-5} (You found it on level 5 of the Dungeon)
  3335 | D:6      | Found an opulent altar of Gozag.
  3639 | D:6      | Reached XP level 8. HP: 61/61 MP: 8/8
  3662 | D:6      | Reached skill level 13 in Bows
  3793 | D:6      | Found a shadowy altar of Dithmenos.
  3805 | D:6      | Noticed Sigmund
  4069 | D:6      | Killed Sigmund
  4069 | D:6      | Reached skill level 14 in Bows
  4303 | D:6      | Found an iron altar of Okawaru.
  4315 | D:6      | Became a worshipper of Warmaster Okawaru
  4599 | D:7      | Found a staircase to the Ecumenical Temple.
  4640 | D:7      | Found a blossoming altar of Fedhas.
  4702 | D:7      | Slain by a bullfrog

Vault maps used:
D:1:      onia_arrival_pentagram
D:2:      nicolae_overflow_hidden_temple, nicolae_overflow_crystal_walls,
          kennysheep_potato, uniq_natasha
D:3:      lemuel_crystal_altar, first_bread
D:4:      serial_shops, shop, nicolae_shop_crystal, grunt_ministairs_14,
          uniq_grinder
D:5:      feat_on_display
D:6:      nicolae_gozag_cash_rules_everything_around_me,
          grunt_dithmenos_smoke_and_mirrors, okawaru_trees_1, uniq_sigmund
D:7:      kennysheep_housing_project, kennysheep_mini,
          overflow_temple_1_default, tso_metal_star, uniq_joseph

Skill      XL: |  1  2  3  4  5  6  7  8 |
---------------+-------------------------+-----
Bows           | 6 7 8 10 11 12 14 | 14.7
Fighting       | |  2.0
Dodging        | |  1.3
Stealth        | |  0.4

Action                   |  1- 3 |  4- 6 |  7- 9 || total
-------------------------+-------+-------+-------++-------
 Fire: Shortbow          |    85 |   101 |       ||   186
       Longbow           |       |    43 |   186 ||   229
  Use: Potion            |       |     2 |     6 ||     8
       Scroll            |       |     8 |     3 ||    11
  Eat: Chunk             |       |     3 |     5 ||     8
Armor: Robe              |    15 |     7 |     9 ||    31
       Plate armour      |       |       |    37 ||    37
Dodge: Dodged            |    15 |    16 |    29 ||    60
Block: Other             |       |     8 |     9 ||    17
       Reflection        |       |       |     1 ||     1
